 Dungeon Crawl Stone Soup version 0.23.2-33-g5129a83184 (webtiles) character file.

Game seed: 13952168133950304362

3448 Kold the Destroyer (level 9, -9/75 HPs)
             Began as a Purple Draconian Conjurer on July 11, 2019.
             Shot with an arrow by a centaur warrior (28 damage)
             ... on level 9 of the Dungeon on July 16, 2019.
             The game lasted 00:25:35 (10148 turns).

Kold the Destroyer (Purple Draconian Conjurer)     Turns: 10148, Time: 00:25:37

Health: -9/75      AC:  8    Str: 11    XL:     9   Next: 77%
Magic:  5/16       EV: 14    Int: 19    God:
Gold:   299        SH:  0    Dex: 11    Spells: 6/17 levels left

rFire    + . .     SeeInvis .   C - staff of energy
rCold    . . .     Gourm    .   (no shield)
rNeg     + . .     Faith    .   (armour unavailable)
rPois    .         Spirit   .   (helmet restricted)
rElec    .         Reflect  .   (no cloak)
rCorr    .         Harm     .   y - +0 pair of gloves
MR       +++..                  (no boots)
Stlth    +.........             (no amulet)
HPRegen  0.22/turn              D - ring "Juili" {rF+ rN+ MR++ Slay+3 Stlth-}
MPRegen  0.15/turn              c - ring of wizardry

@: no status effects
A: breathe power, unfitting armour, cold-blooded, AC +7
a: Breathe Dispelling Energy


You were on level 9 of the Dungeon.
You were not hungry.

You visited 2 branches of the dungeon, and saw 10 of its levels.

You collected 396 gold pieces.
You spent 97 gold pieces at shops.

Inventory:

Hand Weapons
 q - a +3 flail of draining
Armour
 y - a +0 pair of gloves (worn)
Magical Staves
 C - an uncursed staff of energy (weapon)
Jewellery
 c - a ring of wizardry (right hand)
 e - an uncursed ring of protection from cold
 l - an uncursed ring of wizardry
 p - an uncursed ring of protection from fire
 D - the ring "Juili" (left hand) {rF+ rN+ MR++ Slay+3 Stlth-}
   (You found it on level 7 of the Dungeon)

   [ring of positive energy]

   It affects your accuracy and damage with ranged weapons and melee attacks
   (+3).
   It protects you from fire.
   It protects you from negative energy.
   It affects your resistance to hostile enchantments.
   It makes you less stealthy.
 G - an uncursed ring of positive energy
Wands
 s - a wand of polymorph (5)
 t - a wand of random effects (13)
 A - a wand of flame (16)
 E - a wand of iceblast (6)
 I - a wand of disintegration (12)
Scrolls
 h - 2 scrolls of magic mapping
 i - 3 scrolls of remove curse
 o - 2 scrolls of identify
 r - a scroll of enchant weapon
 u - 2 scrolls of fear
 w - 4 scrolls of enchant armour
 B - a scroll of amnesia
 H - a scroll of acquirement {unknown}
Potions
 a - 2 potions of flight {unknown}
 d - a potion of invisibility
 f - 5 potions of curing
 g - a potion of haste {unknown}
 j - 2 potions of lignification {unknown}
 k - a potion of mutation {unknown}
 m - 3 potions of might {unknown}
 n - a potion of agility
 v - a potion of brilliance {unknown}
 x - a potion of heal wounds
 z - a potion of cancellation {unknown}
 F - a potion of resistance {unknown}
Comestibles
 b - 12 rations


   Skills:
 + Level 6.1 Fighting
 + Level 5.5 Dodging
 - Level 2.0 Stealth
 - Level 4.8 Spellcasting
 - Level 10.1 Conjurations
 - Level 5.0 Hexes
 + Level 1.8 Evocations


You had 6 spell levels left.
You knew the following spells:

 Your Spells              Type           Power        Failure   Level  Hunger
a - Magic Dart            Conj           ####         1%          1    None
b - Searing Ray           Conj           #####.       1%          2    None
c - Iskenderun's Mystic   Conj           #####...     1%          4    None
d - Fulminant Prism       Conj/Hex       ####......   2%          4    None

Your spell library contained the following spells:

 Spells                   Type           Power        Failure   Level  Hunger
 Confusing Touch          Hex            ###...       1%          1    None
 Confuse                  Hex            ###.....     1%          3    None
 Dazzling Spray           Conj/Hex       ####..       1%          3    None
 Summon Butterflies       Summ           #.......     5%          1    None
 Force Lance              Conj/Tloc      ###.....     6%          4    None
 Call Canine Familiar     Summ           #.......     16%         3    None
 Gell's Gravitas          Tloc           #.........   16%         3    None
 Petrify                  Tmut/Erth      #.......     43%         4    None
 Summon Ice Beast         Ice/Summ       #.......     43%         4    None
 Metabolic Englaciation   Hex/Ice        ##........   43%         5    None
 Summon Mana Viper        Hex/Summ       ##......     43%         5    None
 Yara's Violent Unravell  Hex/Tmut       ##........   43%         5    None
 Summon Hydra             Summ           #.........   100%        7    None


Dungeon Overview and Level Annotations

Branches:
Dungeon (9/15)             Temple (1/1) D:7            Lair (0/6) D:8
    Orc: D:9-12

Altars:
Ashenzari
Cheibriados
Elyvilon
Hepliaklqana
Makhleb
Okawaru
Qazlal
Ru
Sif Muna
Uskayaw
Xom
Yredelemnul
Zin

Shops:
D:6 *   D:7 *


Innate Abilities, Weirdness & Mutations

You can breathe bolts of dispelling energy.
Your rich purple scales are hard. (AC +7)
You cannot fit into any form of body armour.
You are cold-blooded and may be slowed by cold attacks.


Message History

The centaur warrior misses you.
Your fulminant prism crackles loudly.
The centaur warrior wields a +0 longbow.
The centaur warrior shoots an arrow.
The arrow hits you!
* * * LOW HITPOINT WARNING * * *
Your fulminant prism explodes!
The blast of energy engulfs the centaur warrior!!
The centaur warrior is severely wounded.
You hear a shout! x5
You see here 3 arrows.
Casting: Fulminant Prism (safe; 2% risk of failure)
Confirm with . or Enter, or press ? or * to list all spells.
Aiming: Iskenderun's Mystic Blast (safe; 1% risk of failure)
Press: ? - help, Shift-Dir - straight line, f - centaur warrior
Aim: a centaur warrior, wielding a +0 longbow (severely wounded)
The orb of energy hits the centaur warrior!
The centaur warrior is almost dead.
The orb of energy explodes!
The centaur warrior shoots an arrow.
The arrow misses you.
The centaur warrior shoots an arrow.
The arrow hits you!!
You die...

..................#
..................#
.............##..#
#####......(#.##..#
##..##.......#..#..#
#....##.....##..)..#
#.....###.####.##..#
#.....((.##..#..#
#....@....#.....#
##.c###...#.##..#
#?# ..##.##..# .?(
.###..#..# #...# .##
##.......# ...# ###.
#....##..# ...# ....
#........# ..# ...
.........#
..####.###
#........#


You could see a centaur warrior.

Vanquished Creatures
  Pikel (D:5)
  Prince Ribbit (D:7)
  Eustachio (D:6)
  A wyvern (D:8)
  A water moccasin (D:6)
  Duvessa (D:4)
  2 ice beasts
  2 black bears
  A slave (D:5)
  A sky beast (D:8)
  3 ogres
  3 centaurs
  A big kobold (D:7)
  Dowan (D:4)
  4 howler monkeys
  2 jellies (D:8)
  4 hounds
  5 orc wizards
  2 centaur skeletons
  2 orc priests
  2 iguanas
  Natasha (twice) (D:3)
  8 worker ants
  2 hound skeletons
  A howler monkey zombie (D:7)
  A worker ant zombie (D:9)
  13 adders
  2 howler monkey skeletons
  4 shadow imps
  3 oozes
  A worm (D:4)
  5 dart slugs
  4 leopard geckos
  23 orcs
  2 ball pythons
  8 bats
  4 giant cockroaches
  10 goblins
  7 hobgoblins
  6 jackals
  11 kobolds
  5 quokkas
  3 frilled lizards
  A quokka skeleton (D:7)
  4 rats
171 creatures vanquished.

Vanquished Creatures (others)
  2 fulminant prisms
2 creatures vanquished.

Grand Total: 173 creatures vanquished

Notes
Turn   | Place    | Note
-------+----------+-------------------------------------------
     0 | D:1      | Kold the Draconian Conjurer began the quest for the Orb.
     0 | D:1      | Reached XP level 1. HP: 14/14 MP: 3/3
   143 | D:1      | Reached XP level 2. HP: 13/20 MP: 0/5
   430 | D:1      | Reached XP level 3. HP: 26/26 MP: 0/6
  1135 | D:2      | Learned a level 2 spell: Searing Ray
  1149 | D:2      | Reached XP level 4. HP: 24/33 MP: 1/8
  1370 | D:2      | Reached skill level 5 in Conjurations
  1987 | D:3      | Reached XP level 5. HP: 38/38 MP: 7/10
  2656 | D:3      | Found a faded altar of an unknown god.
  3112 | D:4      | Reached skill level 6 in Conjurations
  3112 | D:4      | Reached XP level 6. HP: 42/45 MP: 2/12
  3230 | D:4      | Noticed Duvessa
  3242 | D:5      | Entered Level 5 of the Dungeon
  3248 | D:5      | Learned a level 4 spell: Iskenderun's Mystic Blast
  3253 | D:5      | Learned a level 4 spell: Fulminant Prism
  3286 | D:5      | Found a glowing silver altar of Zin.
  3290 | D:5      | Noticed an angel
  3297 | D:5      | Reached skill level 1 in Hexes
  3376 | D:5      | Found a shimmering altar of Xom.
  3398 | D:5      | Reached skill level 7 in Conjurations
  3457 | D:5      | Your scales start taking on a rich purple colour.
  3457 | D:5      | Reached XP level 7. HP: 38/50 MP: 1/14
  3648 | D:5      | Noticed Pikel
  4085 | D:4      | Noticed Natasha
  4104 | D:4      | Killed Duvessa
  4104 | D:4      | Noticed Dowan
  4107 | D:3      | Killed Natasha
  4268 | D:3      | Noticed Natasha
  4272 | D:3      | Killed Natasha
  4823 | D:4      | Killed Dowan
  4823 | D:4      | Reached skill level 8 in Conjurations
  5477 | D:5      | Killed Pikel
  5477 | D:5      | Reached skill level 9 in Conjurations
  5477 | D:5      | Reached XP level 8. HP: 15/57 MP: 2/15
  5798 | D:6      | Noticed Eustachio
  6091 | D:7      | Reached skill level 5 in Hexes
  6373 | D:6      | Found Arghohiff's General Store.
  6376 | D:6      | Bought a potion of curing for 45 gold pieces
  6376 | D:6      | Bought a scroll of amnesia for 52 gold pieces
  6402 | D:6      | Reached skill level 10 in Conjurations
  6449 | D:6      | Reached skill level 1 in Fighting
  6700 | D:6      | Killed Eustachio
  7093 | D:6      | Reached XP level 9. HP: 68/68 MP: 11/16
  7659 | D:7      | Got a vibrating golden ring
  7661 | D:7      | Identified the ring "Juili" {rF+ rN+ MR++ Slay+3 Stlth-}
                  | (You found it on level 7 of the Dungeon)
  7766 | D:7      | Noticed Prince Ribbit
  7786 | D:7      | Killed Prince Ribbit
  7812 | D:7      | Found Gitrai's General Store.
  8010 | D:7      | Found a staircase to the Ecumenical Temple.
  8014 | Temple   | Entered the Ecumenical Temple
  8608 | D:8      | Reached skill level 5 in Fighting
  8786 | D:8      | Found a staircase to the Lair.
  8919 | D:8      | Reached skill level 5 in Dodging
  9161 | D:8      | Reached skill level 1 in Evocations
  9617 | D:9      | Noticed a centaur warrior
  9796 | D:9      | Found a white marble altar of Elyvilon.
  9851 | D:9      | Found a basalt altar of Yredelemnul.
 10148 | D:9      | Shot with an arrow by a centaur warrior

Skill      XL: |  1  2  3  4  5  6  7  8  9 |
---------------+----------------------------+-----
Stealth        | 2 |  2.0
Dodging        | 2 5 |  5.5
Spellcasting   | 3 4 |  4.8
Conjurations   | 5 6 7 9 10 | 10.1
Hexes          | 1 4 5 |  5.0
Fighting       | 2 6 |  6.1
Evocations     | 1 |  1.8

Action                   |  1- 3 |  4- 6 |  7- 9 || total
-------------------------+-------+-------+-------++-------
Melee: Mace              |    27 |    11 |       ||    38
       Tailslap          |     1 |       |     7 ||     8
       Flail             |       |    28 |    71 ||    99
       Staff             |       |       |     3 ||     3
 Cast: Magic Dart        |    77 |    99 |   211 ||   387
       Searing Ray       |       |     9 |    26 ||    35
       Iskenderun's Myst |       |     2 |    29 ||    31
       Fulminant Prism   |       |       |     2 ||     2
 Abil: Breathe Dispellin |       |       |     2 ||     2
Evoke: Staff of energy   |       |       |     1 ||     1
  Use: Scroll            |       |       |    10 ||    10
       Potion            |       |       |     4 ||     4
  Eat: Chunk             |     1 |     8 |     8 ||    17
       Ration            |       |       |     5 ||     5
Armor: Skin              |    13 |    23 |   103 ||   139
Dodge: Dodged            |    28 |    51 |   217 ||   296
